Map: Prion Terraces

Players

lesha

  • Race: Terran Terran
  • League: Silver

Barbosix - Winner!

  • Race: Protoss Protoss
  • League: Gold

VOD

Have the link to the VOD?

Description

Time

  • Played on: Dec. 24, 2015, 7:48 a.m.
  • Length: 16:08
Show
View Real Time Build Order
Export as new Build Order

lesha Terran 

Build Orders: Liberator Opening, Reaper Expand, MMM Bio 

Get SALT Encoding   

  12  0:01  SCV  
  13  0:13  SCV  
  14  0:18  Supply Depot  
  14  0:25  SCV  
  15  0:40  SCV  
  15  0:42  Barracks  
  16  0:47  Refinery  
  16  0:52  SCV  
  17  1:04  SCV  
  18  1:16  SCV  
  19  1:30  Reaper  
  21  1:33  Orbital Command  
  20  1:44  Command Center  
  20  2:00  Supply Depot  
  20  2:02  SCV  
  21  2:12  Factory  
  21  2:17  Marine  
  21  2:19  SCV  
  23  2:31  SCV  
  22  2:49  Marine  
  23  2:52  SCV  
  24  3:01  Starport  
  24  3:02  Factory Reactor  
  24  3:04  SCV  
  25  3:12  Refinery  
  25  3:16  SCV  
  25  3:18  Barracks  
  26  3:20  Marine  
  26  3:26  Orbital Command  
  26  3:27  Refinery  
  27  3:28  SCV  
  28  3:40  SCV  
  30  3:44  Liberator  
  30  3:45  Factory Reactor  
  29  3:52  SCV  
  29  3:53  Barracks  
  30  3:56  SCV  
  34  4:04  SCV  
  34  4:06  Barracks Tech Lab  
  34  4:09  SCV  
  36  4:18  Barracks  
  36  4:21  Supply Depot  
  36  4:22  Supply Depot  
  36  4:23  SCV  
  36  4:24  SCV  
  38  4:25  Engineering Bay, Marine  
  38  4:27  Marine  
  38  4:28  Engineering Bay  
  40  4:33  Marauder  
  42  4:49  Marine x2  
  42  4:51  Starport Reactor  
  44  4:53  Stimpack  
  44  5:11  Marine x2  
  44  5:13  Marauder  
  44  5:14  Barracks Reactor  
  48  5:16  SCV x2  
  48  5:20  Refinery  
  50  5:25  Terran Infantry Weapons Level 1, Terran Infantry Armor Level 1  
  50  5:26  Marine  
  51  5:28  SCV x2  
  50  5:40  SCV x2  
  49  6:08  SCV x2  
  51  6:11  Marine  
  51  6:12  Marine x6  
  51  6:14  Medivac  
  60  6:19  Missile Turret  
  60  6:20  SCV x2  
  59  6:29  Marine x2  
  59  6:32  SCV  
  62  6:45  Missile Turret  
  62  6:49  Missile Turret  
  62  6:50  Missile Turret  
  62  6:54  Combat Shields  
  62  7:05  Command Center, SCV x2, Marine x5  
  62  7:06  Command Center  
  69  7:08  Supply Depot  
  69  7:10  Supply Depot  
  69  7:11  Supply Depot  
  69  7:12  Missile Turret  
  69  7:14  Missile Turret  
  69  7:18  SCV x2  
  69  7:19  Missile Turret  
  69  7:20  Marine x2  
  73  7:23  Marine x3  
  75  7:30  SCV  
  76  7:39  Marauder  
  78  7:57  SCV x2  
  80  8:06  Marine x3  
  80  8:07  Marine x4  
  80  8:08  Medivac x2  
  80  8:09  SCV x2  
  93  8:21  Armory  
  93  8:24  Marine x3  
  93  8:26  Marauder  
  98  8:29  SCV x2  
  101  8:37  Orbital Command  
  101  8:38  Medivac x2  
  104  8:41  SCV  
  104  8:45  Supply Depot x2  
  104  8:47  Marauder  
  107  8:48  Supply Depot  
  107  8:50  SCV  
  107  8:51  Marine  
  107  8:52  Marine x5  
  107  8:53  SCV  
  115  9:02  SCV  
  116  9:08  Supply Depot  
  116  9:09  Marine x3  
  118  9:10  Medivac x2  
  118  9:11  Marine  
  118  9:12  Marine x3  
  127  9:24  Barracks  
  127  9:25  Barracks  
  127  9:26  Barracks  
  127  9:27  Marine x3  
  127  9:29  Marine x2  
  127  9:30  SCV, Marine  
  135  9:31  SCV x2  
  135  9:32  Orbital Command  
  136  9:42  SCV  
  136  9:43  SCV x2  
  137  9:54  SCV  
  137  9:55  SCV  
  131  10:01  SCV x2  
  131  10:03  Marine x6  
  131  10:04  Marauder  
  131  10:05  Medivac x2  
  131  10:06  SCV  
  146  10:07  SCV  
  146  10:14  Barracks  
  147  10:21  Marine x4  
  139  10:24  Marine  
  139  10:25  Marine  
  139  10:26  Marauder  
  135  10:32  Barracks Tech Lab  
  135  10:33  Barracks Tech Lab  
  90  10:35  Medivac x2  
  135  10:38  Marine x2  
  135  10:39  Barracks Reactor, Marine x2  
  135  10:42  Marine x2  
  143  10:47  Marauder  
  147  10:50  SCV x2  
  147  10:51  SCV x2  
  147  10:53  Starport x2  
  147  10:55  Refinery  
  147  10:56  Marine x3  
  147  10:57  Refinery, Marine  
  154  10:58  Starport  
  154  10:59  Refinery  
  154  11:01  Refinery  
  154  11:02  SCV  
  154  11:03  SCV  
  154  11:04  Marine x5  
  158  11:05  Medivac  
  164  11:14  Supply Depot  
  164  11:15  Supply Depot, Terran Infantry Weapons Level 2  
  164  11:16  Supply Depot  
  164  11:17  Supply Depot  
  164  11:19  Supply Depot  
  164  11:35  Barracks Tech Lab, Medivac, Marine x4  
  164  11:36  Marine x6, Marauder  
  178  11:43  Medivac  
  180  11:53  Marine x4  
  184  11:54  Marine x3  
  184  11:56  Starport Reactor x2  
  184  11:57  Marauder, Starport Reactor  
  189  12:05  Medivac  
  187  12:13  Medivac  
  167  12:18  Marauder  
  101  12:37  Marine x3  
  101  12:38  Marine x5  
  101  12:39  Marauder x3  
  101  12:40  Marauder  
  101  12:42  Viking x3  
  101  12:43  Viking x4  
  131  12:55  Marine x5  
  131  12:56  Marine x3  
  139  13:00  Marauder x2  
  139  13:01  Marauder x2  
  139  13:02  Medivac  
  149  13:12  Viking, Medivac  
  153  13:13  Marine x5  
  153  13:14  Marine x3  
  161  13:21  Marine x3  
  161  13:22  Marine  
  165  13:45  Command Center  
  165  13:49  Marine  
  165  13:50  Marine x8  
  165  13:51  Marine x3  
  165  13:54  Medivac x4  
  165  13:55  Medivac x2  
  189  14:07  Marine x3  
  189  14:08  Marine x3  
  189  14:09  Marauder x2  
  199  14:15  Marine  
  200  14:30  Marauder  
  145  14:49  Marine x5  
  145  14:50  Marine  
  143  14:54  Marine  
  143  14:55  Marine x5  
  149  15:13  Marauder x4, Marine x6  
  149  15:14  Marine x2  
  165  15:31  Marine x5  
  165  15:34  Marauder  
  165  15:35  Marauder x2  
Show
View Real Time Build Order
Export as new Build Order

Barbosix Protoss - Winner!

Build Orders:  

Get SALT Encoding   

  12  0:02  Probe (Chrono Boost)  
  13  0:13  Probe (Chrono Boost)  
  14  0:21  Pylon  
  14  0:23  Probe (Chrono Boost)  
  15  0:39  Probe (Chrono Boost)  
  15  0:40  Gateway  
  17  0:50  Probe (Chrono Boost)  
  17  0:55  Assimilator  
  17  0:58  Assimilator  
  17  1:00  Probe (Chrono Boost)  
  18  1:09  Pylon  
  18  1:11  Probe (Chrono Boost)  
  19  1:22  Probe (Chrono Boost)  
  20  1:30  Cybernetics Core  
  20  1:33  Probe (Chrono Boost)  
  21  1:40  Gateway  
  21  1:48  Probe (Chrono Boost)  
  22  1:58  Probe (Chrono Boost)  
  22  2:01  Pylon  
  23  2:07  Warp Gate  
  23  2:08  Adept  
  25  2:12  Mothership Core (Chrono Boost)  
  27  2:44  Nexus  
  27  2:49  Adept  
  29  3:09  Robotics Facility  
  29  3:12  Adept  
  31  3:15  Probe (Chrono Boost)  
  32  3:31  Forge  
  32  3:32  Pylon  
  32  3:34  Adept  
  34  3:57  Probe x2 (Chrono Boost)  
  34  4:00  Warp Prism (Chrono Boost)  
  38  4:05  Pylon  
  38  4:11  Probe  
  39  4:19  Gateway  
  39  4:26  Photon Cannon  
  39  4:28  Probe x2  
  41  4:31  Sentry  
  43  4:42  Probe  
  44  4:46  Probe  
  44  4:48  Sentry  
  47  4:54  Probe  
  47  4:57  Sentry  
  47  4:58  Probe  
  51  5:06  Probe (Chrono Boost)  
  52  5:10  Probe (Chrono Boost), Twilight Council  
  53  5:16  Pylon  
  53  5:18  Probe (Chrono Boost)  
  53  5:21  Probe (Chrono Boost)  
  55  5:28  Probe (Chrono Boost)  
  56  5:49  Probe (Chrono Boost)  
  57  5:52  Blink (Chrono Boost)  
  57  5:53  Stalker x3  
  57  5:54  Probe  
  64  5:59  Assimilator  
  64  6:01  Probe  
  65  6:04  Assimilator  
  65  6:07  Pylon  
  60  6:13  Robotics Bay  
  60  6:18  Gateway  
  59  6:21  Photon Cannon  
  57  6:31  Photon Cannon  
  57  6:34  Probe, Observer  
  57  6:35  Probe  
  57  6:39  Stalker x2  
  64  6:47  Probe  
  64  6:48  Protoss Ground Armor Level 1  
  64  6:49  Pylon  
  64  6:51  Probe  
  66  7:04  Pylon  
  66  7:06  Observer (Chrono Boost)  
  67  7:17  Probe  
  67  7:18  Probe  
  67  7:21  Robotics Facility  
  69  7:24  Pylon  
  69  7:25  Disruptor (Chrono Boost)  
  72  7:31  Probe  
  72  7:33  Probe  
  72  7:45  Extended Thermal Lance  
  72  7:56  Disruptor (Chrono Boost)  
  67  8:06  Stalker x3  
  67  8:11  Nexus  
  73  8:13  Pylon  
  73  8:23  Templar Archives  
  73  8:32  Colossus (Chrono Boost)  
  79  8:44  Photon Cannon  
  79  8:51  Pylon  
  85  8:57  Pylon  
  85  8:59  Colossus (Chrono Boost)  
  85  9:00  Probe  
  85  9:01  Probe  
  87  9:08  Stalker x2  
  91  9:24  Psionic Storm  
  91  9:29  Protoss Ground Weapons Level 1  
  91  9:38  Probe  
  91  9:39  Probe x2  
  94  9:46  Photon Cannon  
  94  9:51  Assimilator  
  94  9:55  Assimilator  
  94  10:05  Probe  
  94  10:07  Probe  
  96  10:10  Stalker x3  
  96  10:11  Stalker  
  104  10:16  Probe  
  105  10:26  Warp Prism (Chrono Boost)  
  105  10:27  Observer Gravitic Boosters  
  107  10:34  Probe  
  108  10:35  Probe  
  108  10:37  High Templar x2  
  113  10:46  Pylon  
  113  10:52  Pylon  
  113  11:06  Colossus (Chrono Boost), Gateway  
  113  11:07  Gateway  
  113  11:09  Gateway  
  119  11:11  Pylon  
  119  11:12  Pylon  
  119  11:17  Stalker x2, Nexus  
  123  11:18  Pylon  
  123  11:20  Disruptor (Chrono Boost)  
  123  11:24  Gravitic Drive  
  126  11:28  Protoss Ground Weapons Level 2 (Chrono Boost)  
  126  11:41  Charge  
  126  11:48  Zealot  
  126  11:49  Zealot x3  
  133  11:54  Disruptor  
  136  12:10  Stalker x4  
  136  12:11  Stalker x2  
  105  12:30  Colossus  
  103  12:40  Probe x2  
  111  12:45  Colossus  
  111  12:47  Assimilator  
  111  12:49  Assimilator  
  111  12:52  Pylon  
  111  12:55  Photon Cannon  
  111  12:56  High Templar x3  
  111  12:57  High Templar  
  125  12:59  Pylon  
  125  13:03  Pylon  
  125  13:06  Pylon  
  125  13:09  Pylon  
  125  13:12  Stargate  
  125  13:14  Stargate  
  125  13:18  Stalker x3  
  131  13:34  Gateway  
  131  13:36  Gateway  
  131  13:38  Gateway  
  131  14:00  Fleet Beacon  
  131  14:04  Stalker  
  131  14:06  Stalker  
  131  14:07  Photon Cannon  
  131  14:08  Photon Cannon  
  131  14:09  Photon Cannon  
  135  14:10  Photon Cannon  
  135  14:11  Nexus  
  135  14:13  Pylon  
  135  14:17  Zealot x2  
  135  14:18  Zealot x3  
  128  14:54  Stalker x2  
  128  14:55  Stalker x5  
  142  15:25  Photon Cannon  
  142  15:26  Photon Cannon  
  142  15:27  Zealot x3, Photon Cannon  
  142  15:28  Zealot x4  
  156  15:34  Dark Shrine  
  150  15:47  Archon  
  133  15:50  Assimilator  
  133  15:53  Pylon  
  133  15:54  Stalker x7, Assimilator  
Tags
 
Add a new tag
Caveats
  • Supply blocks, unpowered buildings, or Contaminate may cause inaccurate times.
  • Supply counts are checked every 10 seconds.